 Dungeon Crawl Stone Soup version 0.29.1-12-g30fa7ad0bf (webtiles) character file.

Game seed: 5448041356492210931

74 styxcanada the Sneak (level 4, -6/23 HPs)
             Began as a Spriggan Brigand on Jan 5, 2023.
             Killed by divine providence
             ... invoked by an orc priest
              (14 damage)
             ... on level 3 of the Dungeon.
             The game lasted 00:07:46 (2265 turns).

styxcanada the Sneak (Spriggan Brigand)             Turns: 2265, Time: 00:07:47

Health: -6/23      AC:  3    Str:  7    XL:     4   Next: 10%
Magic:  5/5        EV: 17    Int: 12    God:
Gold:   80         SH:  0    Dex: 18    Spells: 1/3 levels left

rFire   . . .      SeeInvis +   a - +2 dagger
rCold   . . .      Faith    .   (no shield)
rNeg    . . .      Spirit   .   b - +0 robe
rPois   .          Reflect  .   (helmet restricted)
rElec   .          Harm     .   c - +0 cloak
rCorr   .          Rampage  .   (gloves unavailable)
Will    .....                   (boots unavailable)
Stlth   ++++......              (no amulet)
HPRegen 0.07/turn               (no ring)
MPRegen 0.09/turn               (no ring)

@: very quick
A: very small, no large weapons, unfitting armour, see invisible, speed 3
a: no special abilities


You were on level 3 of the Dungeon.
You visited 1 branch of the dungeon, and saw 3 of its levels.

You collected 91 gold pieces.
You spent 11 gold pieces at shops.

Inventory:

Hand Weapons
 a - a +2 dagger (weapon)
Missiles
 e - 3 curare-tipped darts (quivered)
 i - 2 boomerangs
Armour
 b - a +0 robe (worn)
 c - a +0 cloak (worn)
Jewellery
 l - an amulet of the acrobat
Scrolls
 f - 2 scrolls of identify
 g - 2 scrolls of blinking
 j - 2 scrolls of vulnerability {unknown}
Potions
 h - 2 potions of curing
 k - a potion of attraction {unknown}


   Skills:
 * Level 1.9 Fighting
 + Level 2.8 Short Blades
 + Level 2.1 Throwing
 * Level 2.0 Dodging
 * Level 7.5 Stealth
 * Level 0.2 Spellcasting
 * Level 0.1 Translocations


You had one spell level left.
You knew the following spells:

 Your Spells              Type           Power      Damage    Failure   Level
a - Blink                 Tloc           0%         N/A       43%         2

Your spell library contained the following spells:

 Spells                   Type           Power      Damage    Failure   Level
 Lesser Beckoning         Tloc           0%         N/A       67%         3
 Ozocubu's Armour         Ice            0%         N/A       69%         3
 Manifold Assault         Tloc           0%         N/A       100%        5
 Ozocubu's Refrigeration  Ice            0%         4d7       100%        7


Dungeon Overview and Level Annotations

Branches:
Dungeon (3/15)

Altars:
Zin

Shops:
D:2 (

Annotations:
D:3 1 transporter, Grinder; Sigmund; gdog's ghost, weakling GnDe


Innate Abilities, Weirdness & Mutations

You are very small and have problems with some larger weapons.
You are too small for most types of armour.
You have supernaturally acute eyesight. (SInv)
You cover ground extremely quickly. (Speed+++)


Message History

Found a sling.
Found a transporter.
The orc closely misses you. The orc hits you with a +0 hand axe.
The orc priest looks more healthy.
Gdog's ghost turns its malevolent gaze towards you.
You hear a shout!
You see here a scroll of identify.
f - 2 scrolls of identify (gained 1)
The orc priest begins to cast a cantrip, but forgets the words!
The ogre shouts!
Sigmund casts a spell.
Sigmund flickers and vanishes for a moment.
The orc priest looks satisfied for a moment.
The ogre shouts!
Gdog's ghost whispers, "They're coming for you..."
Throw: 2 darts (poison)
Press: ? - help, Q - select action, (/) - cycle Shift-Dir - straight line, f/p - orc priest
Aim: an orc priest, wielding a +2 vorpal hand axe (moderately wounded, 62% to hit)
You throw a poisoned dart. The poisoned dart hits the orc priest.
The orc priest is moderately wounded.
Throw: dart (poison)
Press: ? - help, Q - select action, (/) - cycle Shift-Dir - straight line, f/p - orc priest
Aim: an orc priest, wielding a +2 vorpal hand axe (moderately wounded, 62% to hit)
You throw a poisoned dart. The poisoned dart hits the orc.
The orc is poisoned.
The orc priest looks braver for a moment.
Blink to where?
Press: ? - help, Dir - move target, p - orc priest
As you read the scroll labelled XULAIVV DO WAES, it crumbles to dust.
It was a scroll of blinking.
Grinder says, "What is the universe for?"
Grinder gestures at you. Pain shoots through your body!
The orc priest calls upon Beogh to heal the orc.
The orc's wounds heal themselves!
Sigmund closely misses you. Grinder gestures at you.
You struggle to resist.
You see here a scroll of identify.
The orc priest invokes the aid of Beogh against you.
Beogh smites you!
Ouch! That really hurt!
You die...

♣........@..###(#
♣...........#...#
♣.......o...#.###
♣..[......###(##
#.....(....#...#
#..........#...#
#..........#...# .##.. ## .#
#.........##)..#.#..#.#.. .#
#....(....##.@.#.#..#.#..#.#
#.........##...#..##...##..#
#..........#.?.#.WOO.$)O...##
#....†.....#..5##############
##..<..###.#...@....©.©.....#
####### #....oo..(....§..#
#.....o....#######
#..........# ############


You could see Grinder, Sigmund (invisible), an orc priest and 2 orcs.

Vanquished Creatures
  2 adders (D:2)
  A worm (D:2)
  3 dart slugs
  7 ball pythons
  6 endoplasms
  2 giant cockroaches
  6 goblins
  3 hobgoblins
  3 kobolds (D:2)
  2 quokkas
  3 bats (D:1)
  6 frilled lizards
  2 rats (D:2)
46 creatures vanquished.

Notes
Turn   | Place    | Note
-------+----------+-------------------------------------------
     0 | D:1      | styxcanada the Spriggan Brigand began the quest for the
                  | Orb.
     0 | D:1      | Reached XP level 1. HP: 10/10 MP: 2/2
    56 | D:1      | Found a faded altar of an unknown god.
   205 | D:1      | Reached skill level 6 in Stealth
   247 | D:1      | Reached XP level 2. HP: 14/14 MP: 3/3
  1022 | D:2      | Reached XP level 3. HP: 4/18 MP: 4/4
  1280 | D:2      | Reached skill level 7 in Stealth
  1335 | D:2      | Found Nucined's Weapon Emporium.
  1370 | D:2      | Bought 2 poisoned darts for 11 gold pieces
  1688 | D:2      | Learned a level 2 spell: Blink
  1768 | D:2      | Reached XP level 4. HP: 13/23 MP: 5/5
  2030 | D:2      | Found a glowing silver altar of Zin.
  2194 | D:3      | Noticed Sigmund
  2211 | D:3      | Noticed Grinder
  2240 | D:3      | Noticed an ogre
  2241 | D:3      | Noticed gdog's ghost (weakling GnDe)
  2242 | D:3      | Found a transporter.
  2243 | D:3      | Identified the +7 giant spiked club of the Philosopher
                  | {freeze, *Noise rPois Int+2}
  2243 | D:3      | Noticed an ogre
  2248 | D:3      | Noticed an ogre
  2265 | D:3      | Killed from afar by an orc priest

Illustrated notes

Levels and vault maps discovered:
D:1:      sevenhm_arrival_forest_fort_small_6, layout_basic,
          shapermc_ecumenical_altar_venn
D:2:      layout_loops_ring, serial_shops, nicolae_shop_hallway_plus,
          basic_altar, chequers_serial_rivers_large_b
D:3:      layout_basic, gammafunk_ghost_smash, dilly_guarded_unrand_morg,
          uniq_sigmund, uniq_grinder, uniq_jessica

Skill      XL: |  1  2  3  4 |
---------------+-------------+-----
Stealth        | 6 7 |  7.5
Dodging        | 2 |  2.0
Fighting       | |  1.9
Short Blades   | |  2.8
Throwing       | |  2.1
Spellcasting   | |  0.2
Translocations | |  0.1

Action                   |  1- 3 |  4- 6 || total
-------------------------+-------+-------++-------
Melee: Dagger            |    89 |     2 ||    91
Throw: Dart              |    13 |    10 ||    23
  Use: Scroll            |     3 |     1 ||     4
 Stab: Sleeping          |    20 |     2 ||    22
Armor: Robe              |    10 |       ||    10
Dodge: Dodged            |    50 |     4 ||    54
